 Dungeon Crawl Stone Soup version 0.30-a0-4-ga7cffc901d (webtiles) character file.

Game seed: 17675249250680275986

48 Setbun the Sneak (level 4, -4/26 HPs)
             Began as a Kobold Brigand on Aug 21, 2022.
             Slain by Terence
             ... wielding a +2 trident of flaming
              (10 damage)
             ... on level 3 of the Dungeon.
             The game lasted 00:01:33 (2081 turns).

Setbun the Sneak (Kobold Brigand)                   Turns: 2081, Time: 00:01:34

Health: -4/26      AC:  3    Str:  8    XL:     4   Next: 0%
Magic:  4/4        EV: 14    Int: 12    God:
Gold:   101        SH:  0    Dex: 18    Spells: 3/3 levels left

rFire   . . .      SeeInvis .    a - +2 dagger
rCold   . . .      Faith    .    (no shield)
rNeg    . . .      Spirit   .    b - +0 robe
rPois   .          Reflect  .    (no helmet)
rElec   .          Harm     .    c - +0 cloak
rCorr   .          Rampage  .    (no gloves)
Will    .....                    (no boots)
Stlth   ++++......               (no amulet)
HPRegen 0.08/turn                (no ring)
MPRegen 0.09/turn                (no ring)

@: no status effects
A: small, no large weapons, nightstalker 3
a: no special abilities


You were on level 3 of the Dungeon.
You visited 1 branch of the dungeon, and saw 3 of its levels.

You collected 101 gold pieces.

Inventory:

Hand Weapons
 a - a +2 dagger (weapon)
Missiles
 d - 9 poisoned darts (quivered)
 e - 3 curare-tipped darts
 v - 5 datura-tipped darts
Armour
 b - a +0 robe (worn)
 c - a +0 cloak (worn)
Scrolls
 h - 2 scrolls of identify {unknown}
 i - 2 scrolls of blinking {unknown}
 j - a scroll of teleportation {unknown}
 m - a scroll of silence {unknown}
 o - a scroll of poison {unknown}
 p - a scroll of amnesia {unknown}
 q - 2 scrolls of butterflies {unknown}
 r - a scroll of enchant weapon {unknown}
 s - 2 scrolls of vulnerability {unknown}
 t - a scroll of magic mapping {unknown}
Potions
 f - 5 potions of curing {unknown}
 g - a potion of lignification {unknown}
 k - a potion of degeneration {unknown}
 l - a potion of heal wounds {unknown}
 n - 2 potions of haste {unknown}
 u - a potion of flight {unknown}


   Skills:
 - Level 2.1 Fighting
 + Level 5.3 Short Blades
 - Level 2.1 Throwing
 - Level 1.2 Dodging
 - Level 5.3 Stealth


You had 3 spell levels left.
You didn't know any spells.
Your spell library was empty.

Dungeon Overview and Level Annotations

Branches:
Dungeon (3/15)

Altars:

Shops:
D:1 (

Annotations:
D:3 Terence


Innate Abilities, Weirdness & Mutations

You are small and have problems with some larger weapons.
You are completely attuned to the shadows.


Message History

Found 10 gold pieces.
Found an escape hatch in the ceiling.
There is a stone staircase leading up here.
There are monsters nearby!
There are monsters nearby!
There are monsters nearby!
There are monsters nearby!
Found a marble ring.
The helpless worm fails to defend itself.
You spit the worm like a pig!!!
You kill the worm!
Found a robe.
An orc comes into view. It is wielding a +0 falchion.
The helpless orc fails to defend itself.
You impale the orc!!
You kill the orc! 2 orcs come into view.
Things that are here:
a +0 flail; a +0 chain mail Terence the Incautious comes into view.
He is wielding a +2 trident of flaming.
The helpless orc fails to defend itself.
You spit the orc like a pig!!!
You kill the orc!
You have reached level 4!
Terence shouts!
The orc shouts!
You hear a bark!
The orc hits you with a +0 flail!
Things that are here:
a +0 falchion; a +0 ring mail The orc attacks as you move away!
The orc barely misses you. The orc attacks as you move away!
The orc misses you. The orc attacks as you move away!
The orc hits you but does no damage. The orc attacks as you move away!
The orc closely misses you. The orc attacks as you move away!
The orc misses you.
Terence hits you from afar with a +2 trident of flaming.
Terence burns you. The orc closely misses you.
Terence says, "Did you write a will?
You should..."
There is a stone staircase leading up here.
The orc hits you with a +0 hand axe.
* * * LOW HITPOINT WARNING * * *
Terence hits you from afar with a +2 trident of flaming!
You die...

....#...=
..........
...........
....†.......
.......<..[..
....@.......#
....oo......#
.#...$@.....#
#......)...#
#####......#
##.....#
#..)..#
#.....#
#.......


You could see Terence and 2 orcs.

Vanquished Creatures
  An adder (D:2)
  A worm (D:3)
  A dart slug (D:2)
  2 orcs (D:3)
  7 ball pythons
  4 endoplasms (D:1)
  A giant cockroach (D:1)
  2 goblins
  2 hobgoblins
  3 bats (D:1)
  2 frilled lizards
  2 kobolds
  5 rats
33 creatures vanquished.

Notes
Turn   | Place    | Note
-------+----------+-------------------------------------------
     0 | D:1      | Setbun the Kobold Brigand began the quest for the Orb.
     0 | D:1      | Reached XP level 1. HP: 12/12 MP: 1/1
   282 | D:1      | Reached XP level 2. HP: 1/17 MP: 2/2
   898 | D:1      | You fall into a shaft and drop 1 floor!
  1000 | D:2      | Found a faded altar of an unknown god.
  1086 | D:2      | Reached XP level 3. HP: 8/21 MP: 3/3
  1679 | D:1      | Found Riucuch's Antique Weapon Boutique.
  1722 | D:1      | Reached skill level 5 in Short Blades
  2071 | D:3      | Noticed Terence
  2074 | D:3      | Reached XP level 4. HP: 26/26 MP: 4/4
  2081 | D:3      | Slain by Terence

Illustrated notes

Levels and vault maps discovered:
D:1:      evilmike_arrival_hilbert_curve, layout_loops_cross, serial_shops,
          shop, minmay_misc_feat_tower, serial_bayou_crossing
D:2:      layout_rooms, shapermc_ecumenical_altar_notcrosses,
          grunt_decor_mini_mirrors
D:3:      layout_rooms, mainiacjoe_overflow_alcove_4,
          nicolae_gozag_zags_fifth_avenue, serial_shops,
          nicolae_shop_hallway_plus, uniq_terence

Skill      XL: |  1  2  3 |
---------------+----------+-----
Short Blades   | 3 4 5 |  5.3
Fighting       | |  2.1
Throwing       | |  2.1
Dodging        | |  1.2
Stealth        | |  5.3

Action                   |  1- 3 |  4- 6 || total
-------------------------+-------+-------++-------
Melee: Dagger            |    72 |       ||    72
 Stab: Sleeping          |    19 |       ||    19
Armor: Robe              |    18 |     1 ||    19
Dodge: Dodged            |    34 |     5 ||    39

Table legend: (Time is in decaauts)
 A = Elapsed time spent in this place.
 B = Non-inter-level travel time spent in this place.
 C = Inter-level travel time spent in this place.
 D = Time resting spent in this place.
 E = Time spent auto-exploring this place.
 F = Levels seen in this place.
 G = Mean time per level.
                   A        B        C        D        E       F      G
               +--------+--------+--------+--------+--------+-----+--------+
         Total |   2077 |   1996 |     81 |    280 |   1477 |   3 |  692.3 |
       Dungeon |   2077 |   1996 |     81 |    280 |   1477 |   3 |  692.3 |
               +--------+--------+--------+--------+--------+-----+--------+

Top non-repeatable levels by time:
     D:1: 1289 daAuts
     D:2: 770 daAuts
     D:3: 17 daAuts
